 Dungeon Sprint DCSS version 0.31.0-12-g77e489cdc1 (webtiles) character file.

Game seed: 11472065175994003503

87 boopmooplesden the Twirler (level 4, -1/41 HPs)
             Began as a Minotaur Gladiator on Feb 12, 2024.
             Was a Priest of Trog.
             Killed by nerve-wracking pain
             ... invoked by Grinder
              (12 damage)
             ... in the Dungeon (Sprint VII: "The Pits").
             The game lasted 00:00:37 (92 turns).

boopmooplesden the Twirler (Minotaur Gladiator)       Turns: 92, Time: 00:00:37

Health: -1/41      AC:  3    Str: 21    XL:     4   Next: 28%
Magic:  3/3        EV: 13    Int:  5    God:    Trog [***...]
Gold:   0          SH:  0    Dex: 11    Spells: 3/3 levels left

rFire   . . .        l - +2 quarterstaff
rCold   . . .        (shield currently unavailable)
rNeg    . . .        b - +0 leather armour
rPois   .            c - +0 hat
rElec   .            (no cloak)
rCorr   .            (no gloves)
SInv    .            (no boots)
Will    .....        (no amulet)
Stlth   +            (no ring)
HPRegen 0.26/turn    (no ring)
MPRegen 0.08/turn

%: no teleportation
@: on berserk cooldown, slowed, very slow
A: horns 2, retaliatory headbutt
a: Renounce Religion, Berserk, Trog's Hand


You were in the Dungeon.
You worshipped Trog.
Trog was most pleased with you.
You visited 1 branch

Inventory:

Hand Weapons
 a - a +0 quarterstaff
 l - a +2 quarterstaff (weapon)
Missiles
 d - 3 throwing nets (quivered)
 e - a javelin
Armour
 b - a +0 leather armour (worn)
 c - a +0 hat (worn)
Scrolls
 k - a scroll of blinking
 n - 2 scrolls of vulnerability
 o - 5 scrolls of amnesia
 p - a scroll of summoning
Potions
 f - a potion of curing
 g - a potion of heal wounds
 h - a potion of haste
 i - 4 potions of magic
 j - 3 potions of berserk rage
 m - 2 potions of invisibility


   Skills:
 + Level 4.3 Fighting
 + Level 7.3 Staves
 + Level 3.4 Throwing
 + Level 1.5 Armour
 + Level 6.2 Dodging


You had 3 spell levels left.
You didn't know any spells.
Your spell library was empty.

Dungeon Overview and Level Annotations

Branches:
Dungeon (1/1)

Altars:
Cheibriados
Dithmenos
Elyvilon
Fedhas
Gozag
Hepliaklqana
Makhleb
Nemelex Xobeh
Okawaru
Qazlal
Ru
Sif Muna
Trog
Vehumet
Wu Jian
Xom
Yredelemnul
Zin
The Shining One
Jiyva
Lugonu

Annotations:
D Grinder


Innate Abilities, Weirdness & Mutations

You have a pair of horns on your head.
You reflexively headbutt those who attack you in melee.


Message History

Increase (S)trength, (I)ntelligence, or (D)exterity?
You feel stronger. x2
You barely miss the scorpion. You headbutt the scorpion!
The scorpion is severely wounded.
The scorpion stings you but does no damage.
You sock the scorpion!
You kill the scorpion!
Trog accepts your kill.
Your Fighting skill increases to level 4!
Your Staves skill gained 2 levels and is now at level 7!
Your Throwing skill increases to level 3!
Your Armour skill increases to level 1!
Your Dodging skill increases to level 6!
You have reached level 4!
You feel stronger. Grinder gestures at you.
You suddenly lose the ability to move!
Grinder hits you. x2
You writhe in agony.
Grinder hits you.
* * * LOW HITPOINT WARNING * * *
You can move again.
There is an open door here.
You see here a scorpion corpse.
You completely miss Grinder. You sock Grinder! You headbutt Grinder!
Grinder is heavily wounded.
Grinder gestures at you.
You barely resist.
Unknown command.
Unknown command.
You sock Grinder!
Grinder is almost dead.
You are no longer berserk.
You are exhausted.
You feel yourself slow down.
Grinder blinks!
Grinder gestures at you. Pain shoots through your body!
You die...
Grinder says, "Hey, I wasn't done torturing you yet!"

______...###########
##########'##.........
#..(.')))'.##......#..
##########.##.........
#...........'.........
+#####†#####......#..
#...#)# #.........
#...#†# ####'#####
#..@†.# #.......#
##†#### #.......#
#.5.r.# #.......#
#...s.# #...<...#
#.....5. #.......#
#........##.......#
###########.......#
#########


You could see Grinder.

Vanquished Creatures
  A scorpion (D)
  A gnoll (D)
  A river rat (D)
  A giant cockroach (D)
  5 jackals (D)
  A ball python (D)
  A bat (D)
11 creatures vanquished.

Notes
Turn   | Place    | Note
-------+----------+-------------------------------------------
     0 | D        | boopmooplesden the Minotaur Gladiator began the quest for
                  | the Orb.
     0 | D        | Reached XP level 1. HP: 18/18 MP: 0/0
    35 | D        | Found a bloodstained altar of Trog.
    35 | D        | Found a shimmering blue altar of Sif Muna.
    35 | D        | Found a viscous altar of Jiyva.
    35 | D        | Found a hazy altar of Hepliaklqana.
    35 | D        | Found an opulent altar of Gozag.
    36 | D        | Found a glowing golden altar of the Shining One.
    36 | D        | Found a glowing silver altar of Zin.
    36 | D        | Found a basalt altar of Yredelemnul.
    36 | D        | Found a shimmering altar of Xom.
    36 | D        | Found an ornate altar of the Wu Jian Council.
    36 | D        | Found a sacrificial altar of Ru.
    36 | D        | Found a stormy altar of Qazlal.
    36 | D        | Found an iron altar of Okawaru.
    36 | D        | Found a sparkling altar of Nemelex Xobeh.
    36 | D        | Found a burning altar of Makhleb.
    36 | D        | Found a blossoming altar of Fedhas.
    36 | D        | Found a white marble altar of Elyvilon.
    36 | D        | Found a shadowy altar of Dithmenos.
    36 | D        | Found a snail-covered altar of Cheibriados.
    38 | D        | Found a corrupted altar of Lugonu.
    38 | D        | Found a radiant altar of Vehumet.
    39 | D        | Became a worshipper of Trog the Wrathful
    48 | D        | Reached skill level 4 in Staves
    49 | D        | Reached XP level 2. HP: 25/25 MP: 1/1
    56 | D        | Reached * piety under Trog
    60 | D        | Reached skill level 5 in Staves
    63 | D        | Reached ** piety under Trog
    72 | D        | Noticed Grinder
    72 | D        | Noticed a scorpion
    82 | D        | Reached skill level 5 in Dodging
    82 | D        | Reached XP level 3. HP: 24/31 MP: 2/2
    83 | D        | Killed a scorpion
    83 | D        | Reached *** piety under Trog
    84 | D        | Reached skill level 7 in Staves
    84 | D        | Reached skill level 1 in Armour
    84 | D        | Reached XP level 4. HP: 33/41 MP: 3/3
    84 | D        | Paralysed by Grinder for 4 turns
    92 | D        | Killed from afar by Grinder

Illustrated notes

Levels and vault maps discovered:
D:        pitsprint [storerooms_1, entrance_room_1, metal_vault_6, armoury_2,
          mini_pit_1, grid_room_1, main_hall_1, silver_pit, the_coven_1,
          the_vestibule_1, steel_vault_2, golden_pit, hallway_of_sentries,
          crystal_vault_6, iron_vault_5, final_vault]

Skill      XL: |  1  2  3 |
---------------+----------+-----
Staves         | 4 5 7 |  7.3
Dodging        | 4 5 6 |  6.2
Fighting       | 3 4 |  4.3
Throwing       | 3 |  3.4
Armour         | 1 |  1.5

Action                     |  1- 3 |  4- 6 || total
---------------------------+-------+-------++-------
  Melee: Quarterstaff      |    19 |     3 ||    22
         Headbutt          |     3 |     1 ||     4
 Invoke: Berserk           |     1 |       ||     1
 Armour: Leather armour    |     8 |     3 ||    11
  Dodge: Dodged            |    16 |       ||    16
